 Dungeon Crawl Stone Soup version 0.23.2-1-ga50397a (webtiles) character file.

Game seed: 6642158977515793114

171 HASTUR3 the Magician (level 5, 0/28 HPs)
             Began as a Deep Elf Necromancer on May 30, 2019.
             Slain by a centaur (7 damage)
             ... on level 3 of the Dungeon.
             The game lasted 00:11:08 (2723 turns).

HASTUR3 the Magician (Deep Elf Necromancer)         Turns: 2723, Time: 00:11:09

Health: 0/28       AC:  4    Str:  5    XL:     5   Next: 26%
Magic:  12/15      EV: 13    Int: 21    God:
Gold:   177        SH:  0    Dex: 15    Spells: 4/16 levels left

rFire    . . .     SeeInvis .   i - +0 short sword
rCold    . . .     Gourm    .   (no shield)
rNeg     . . .     Faith    .   a - +0 robe
rPois    .         Spirit   .   (no helmet)
rElec    .         Reflect  .   (no cloak)
rCorr    .         Harm     .   (no gloves)
MR       .....                  e - +1 pair of boots
Stlth    ++........             k - amulet of regeneration
HPRegen  0.49/turn              (no ring)
MPRegen  0.14/turn              (no ring)

@: no status effects
A: no striking features
a: no special abilities


You were on level 3 of the Dungeon.
You were not hungry.

You visited 1 branch of the dungeon, and saw 3 of its levels.

You collected 177 gold pieces.

Inventory:

Hand Weapons
 i - a +0 short sword (weapon)
Armour
 a - a +0 robe (worn)
 e - a +1 pair of boots (worn)
Jewellery
 k - an amulet of regeneration (around neck)
 l - an uncursed ring of poison resistance {unknown}
Scrolls
 b - a scroll of remove curse {unknown}
 d - 3 scrolls of identify
 f - 3 scrolls of teleportation {unknown}
 g - 3 scrolls of fog {unknown}
Potions
 h - 3 potions of curing {unknown}
 j - a potion of heal wounds {unknown}
 n - a potion of haste {unknown}
Comestibles
 c - 7 rations
 m - 4 chunks of flesh


   Skills:
 - Level 2.4 Dodging
 - Level 2.4 Stealth
 - Level 6.1 Spellcasting
 + Level 1.6 Charms
 + Level 6.0 Necromancy


You had 4 spell levels left.
You knew the following spells:

 Your Spells              Type           Power        Failure   Level  Hunger
a - Pain                  Necr           ####         1%          1    None
b - Animate Skeleton      Necr           N/A          1%          1    None
c - Vampiric Draining     Necr           ####......   2%          3    ##.....
d - Regeneration          Chrm/Necr      ###.......   6%          3    ##.....
e - Animate Dead          Necr           N/A          9%          4    ####...

Your spell library contained the following spells:

 Spells                   Type           Power        Failure   Level  Hunger
 Magic Dart               Conj           #...         10%         1    None
 Blink                    Tloc           N/A          14%         2    None
 Call Imp                 Summ           #.......     14%         2    None
 Slow                     Hex            #.......     14%         2    None
 Conjure Flame            Conj/Fire      #.......     28%         3    ##.....
 Mephitic Cloud           Conj/Pois/Air  #.......     28%         3    ##.....


Dungeon Overview and Level Annotations

Branches:
Dungeon (3/15)

Altars:
Elyvilon
Fedhas


Message History

Gang up on whom?
Press: ? - help, Dir - move target cursor, f - centaur
Aim: a centaur, wielding a +0 shortbow Attack!
The centaur shoots an arrow.
The arrow closely misses your adder skeleton.
The arrow hits you!
The centaur shoots an arrow.
The arrow hits you!
* * * LOW HITPOINT WARNING * * *
The centaur shoots an arrow.
The arrow hits your adder skeleton!
Your adder skeleton is destroyed!
The centaur unwields a +0 shortbow.
The centaur misses you. The centaur barely misses you.
You see here an arrow.
Casting: Animate Skeleton (safe; 1% risk of failure)
Confirm with . or Enter, or press ? or * to list all spells.
Aiming: Vampiric Draining (safe; 2% risk of failure)
Press: ? - help, Shift-Dir - straight line, f/p - centaur
Aim: a centaur The centaur is moderately wounded.
You feel life coursing into your body. The centaur hits you!
You die...

#+# #.# #.#
##.######
##(.......
#.....#### #
##...#####.#
##@##......
.######c#...##.#
.......(.......#
#######.#...####
#.##### #.# #.#
########## #.#
##########
.....)...####
#.# #(....ZZ).


You could see a centaur.

Vanquished Creatures
  A water moccasin skeleton (D:3)
  7 adders
  A worm (D:2)
  A dart slug (D:2)
  3 leopard geckos (D:2)
  5 bats
  A giant cockroach (D:1)
  10 goblins
  5 hobgoblins
  3 jackals (D:1)
  A quokka (D:2)
  3 frilled lizards (D:1)
  9 kobolds
  10 rats
60 creatures vanquished.

Vanquished Creatures (collateral kills)
  2 leopard geckos (D:1)
  A giant cockroach (D:2)
  A rat (D:1)
4 creatures vanquished.

Grand Total: 64 creatures vanquished

Notes
Turn   | Place    | Note
-------+----------+-------------------------------------------
     0 | D:1      | HASTUR3 the Deep Elf Necromancer began the quest for the
                  | Orb.
     0 | D:1      | Reached XP level 1. HP: 10/10 MP: 6/6
     2 | D:1      | Learned a level 1 spell: Animate Skeleton
   467 | D:1      | Reached skill level 5 in Necromancy
   491 | D:1      | Reached XP level 2. HP: 11/15 MP: 3/8
  1002 | D:1      | Reached XP level 3. HP: 12/19 MP: 7/10
  1626 | D:2      | Reached skill level 5 in Spellcasting
  1647 | D:2      | Reached XP level 4. HP: 8/24 MP: 7/13
  2117 | D:2      | Found a white marble altar of Elyvilon.
  2117 | D:2      | Found a blossoming altar of Fedhas.
  2493 | D:3      | Learned a level 3 spell: Vampiric Draining
  2497 | D:3      | Learned a level 3 spell: Regeneration
  2502 | D:3      | Learned a level 4 spell: Animate Dead
  2590 | D:3      | Reached skill level 1 in Charms
  2590 | D:3      | Reached XP level 5. HP: 10/28 MP: 13/15
  2718 | D:3      | Noticed a centaur
  2723 | D:3      | Slain by a centaur

Skill      XL: |  1  2  3  4  5 |
---------------+----------------+-----
Necromancy     | 5 6 |  6.0
Spellcasting   | 4 5 6 |  6.1
Charms         | 1 |  1.6
Dodging        | |  2.4
Stealth        | |  2.4

Action                   |  1- 3 |  4- 6 || total
-------------------------+-------+-------++-------
Melee: Unarmed           |     3 |       ||     3
       Short sword       |    10 |    18 ||    28
 Cast: Pain              |    69 |    27 ||    96
       Animate Skeleton  |    26 |     8 ||    34
       Vampiric Draining |       |     1 ||     1
       Regeneration      |       |     1 ||     1
  Use: Scroll            |       |     2 ||     2
 Stab: Sleeping          |     2 |     3 ||     5
       Distracted        |     1 |       ||     1
  Eat: Chunk             |     2 |     3 ||     5
Armor: Robe              |     6 |     5 ||    11
Dodge: Dodged            |    15 |    18 ||    33
